Map: Galactic Process LE

Players

Fropez

  • Race: Protoss Protoss
  • League: Gold
  • Spawn Location: 7:00

PaladinAnime - Winner!

  • Race: Terran Terran
  • League: Gold
  • Spawn Location: 1:00

VOD

Have the link to the VOD?

Description

Time

  • Played on: Oct. 4, 2016, 5:44 p.m.
  • Length: 24:11
Show
View Real Time Build Order
Export as new Build Order

Fropez Protoss 

Build Orders:  

Get SALT Encoding   

  12  0:01  Probe (Chrono Boost)  
  13  0:14  Pylon  
  13  0:17  Probe (Chrono Boost)  
  14  0:25  Assimilator  
  14  0:28  Probe (Chrono Boost)  
  15  0:40  Gateway  
  15  0:45  Probe (Chrono Boost)  
  16  0:56  Probe (Chrono Boost)  
  17  1:06  Probe (Chrono Boost)  
  17  1:08  Pylon  
  18  1:17  Probe (Chrono Boost)  
  19  1:28  Probe (Chrono Boost)  
  20  1:33  Cybernetics Core  
  20  1:38  Probe (Chrono Boost)  
  21  1:46  Gateway  
  21  2:03  Probe (Chrono Boost)  
  23  2:16  Nexus  
  23  2:18  Warp Gate (Chrono Boost)  
  23  2:21  Adept (Chrono Boost)  
  24  2:24  Probe  
  25  2:34  Adept (Chrono Boost)  
  28  2:41  Mothership Core  
  29  2:54  Adept  
  31  3:03  Pylon  
  31  3:08  Pylon  
  31  3:13  Probe  
  31  3:14  Assimilator  
  31  3:25  Probe  
  32  3:37  Probe  
  33  3:49  Probe x2  
  35  4:06  Twilight Council  
  35  4:11  Robotics Facility  
  35  4:13  Pylon  
  33  4:22  Gateway x2  
  33  4:26  Gateway  
  33  4:29  Gateway  
  33  4:30  Gateway  
  33  4:34  Pylon  
  33  4:37  Probe  
  33  4:38  Pylon, Probe  
  35  4:48  Resonating Glaives (Chrono Boost)  
  35  4:54  Probe x2  
  37  5:03  Warp Prism (Chrono Boost)  
  39  5:11  Adept  
  39  5:21  Adept x3  
  45  5:35  Adept x2  
  47  5:36  Adept  
  51  5:46  Adept  
  51  5:47  Adept x2  
  53  6:00  Probe  
  53  6:02  Probe  
  55  6:10  Observer (Chrono Boost)  
  55  6:11  Probe  
  54  6:17  Robotics Bay  
  53  6:19  Probe  
  53  6:21  Probe  
  53  6:23  Assimilator  
  55  6:26  Gateway  
  55  6:28  Forge  
  49  7:04  Adept x4  
  49  7:05  Adept x3  
  49  7:42  Stalker  
  49  7:43  Stalker x6  
  63  7:44  Assimilator  
  63  7:45  Blink (Chrono Boost)  
  63  8:05  Zealot  
  65  8:06  Zealot x4  
  65  8:07  Zealot x2  
  77  8:14  Probe  
  77  8:15  Probe  
  73  8:25  Protoss Ground Weapons Level 1 (Chrono Boost)  
  65  8:32  Disruptor (Chrono Boost)  
  65  8:33  Nexus  
  68  8:35  Pylon  
  68  8:42  Probe  
  68  8:43  Probe  
  70  8:53  Templar Archives  
  70  8:56  Pylon  
  70  8:58  Pylon  
  70  9:03  Pylon  
  70  9:04  Probe  
  70  9:05  Pylon  
  70  9:06  Pylon, Probe  
  72  9:16  Probe  
  73  9:18  Probe  
  73  9:22  Disruptor  
  77  9:25  Stalker  
  77  9:26  Stalker  
  79  9:50  Stalker  
  79  9:51  Stalker x4  
  63  11:05  Stalker x4  
  63  11:06  Stalker x2  
  63  11:07  Probe  
  63  11:09  Probe  
  63  11:10  Probe  
  78  11:24  Probe  
  79  11:27  Pylon  
  79  11:28  Pylon  
  79  11:31  Adept x5  
  79  11:32  Adept  
  91  11:33  Pylon  
  91  11:34  Pylon  
  83  12:11  High Templar x5  
  83  12:12  High Templar x2  
  93  12:16  Psionic Storm  
  93  12:27  Gateway  
  93  12:31  Probe, Gateway  
  93  12:32  Probe  
  93  12:33  Gateway  
  93  12:36  Pylon, Assimilator  
  95  12:37  Pylon  
  95  12:39  Pylon  
  95  12:40  Assimilator  
  95  12:41  Pylon  
  95  12:43  Pylon  
  95  12:48  Gateway  
  95  12:54  Stalker x3  
  95  12:55  Stalker x4  
  95  12:56  Gateway, Stalker  
  95  12:57  Gateway  
  105  13:00  Gateway  
  91  13:36  Probe  
  91  13:37  Probe  
  91  13:50  Nexus  
  91  13:53  Assimilator  
  87  13:55  Assimilator  
  87  13:57  Charge  
  87  13:59  Zealot x4  
  87  14:00  Zealot x4  
  101  14:07  Immortal, Protoss Ground Weapons Level 2 (Chrono Boost)  
  105  14:19  Stalker x2  
  105  14:20  Stalker x3  
  115  14:39  Probe  
  89  15:15  Stalker x5  
  89  15:16  Stalker x4  
  105  15:30  Zealot x3  
  105  15:31  Zealot x3  
  95  16:31  Zealot x2  
  95  16:32  Zealot x5  
  105  16:33  Zealot x5  
  105  16:34  Zealot  
  121  16:43  Protoss Ground Weapons Level 3 (Chrono Boost)  
  83  17:28  Stalker x4  
  83  17:29  Stalker x5  
  99  17:30  Stalker  
  99  17:31  Stalker x4  
  99  17:32  Stalker  
  71  18:26  Nexus  
  67  18:29  High Templar  
  67  18:30  High Templar x6, Assimilator  
  67  18:31  High Templar x3  
  87  18:45  Observer (Chrono Boost)  
  88  18:49  Stalker x2  
  92  19:02  Stalker  
  92  19:04  Observer (Chrono Boost)  
  95  19:18  Nexus  
  95  19:37  Zealot x2  
  95  19:38  Zealot x5  
  109  19:54  Probe  
  109  19:56  Probe  
  111  20:05  Pylon  
  109  20:08  Pylon  
  109  20:41  Zealot  
  109  20:42  Zealot x6  
  117  21:05  Assimilator  
  117  21:08  Assimilator  
  117  21:36  Protoss Shields Level 1  
  117  21:40  High Templar x6  
  117  21:41  High Templar  
  131  21:50  Nexus  
  131  21:53  Adept x2  
  131  21:54  Adept x5  
  143  22:08  Stalker  
  141  22:24  Stalker x2  
  145  22:33  Stalker  
  133  22:58  Archon  
  133  22:59  Archon x2  
  133  23:02  Stalker x3  
  123  23:16  Zealot x3  
  123  23:17  Zealot x3  
  113  23:28  Zealot  
  113  23:29  Zealot x4  
  123  23:51  Nexus, Assimilator  
  123  23:53  Assimilator  
  123  23:55  Assimilator  
  111  23:56  Assimilator  
  111  24:00  Archon  
  111  24:01  Archon x2  
Show
View Real Time Build Order
Export as new Build Order

PaladinAnime Terran - Winner!

Build Orders: MMM Bio 

Get SALT Encoding   

  12  0:00  SCV  
  13  0:12  SCV  
  14  0:17  Supply Depot  
  14  0:24  SCV  
  15  0:38  SCV  
  15  0:40  Barracks  
  16  0:50  SCV  
  16  0:51  Supply Depot  
  17  1:00  Refinery  
  17  1:03  SCV  
  18  1:15  SCV  
  19  1:27  SCV  
  19  1:28  Marine  
  21  1:39  Command Center  
  21  1:45  Marine  
  22  1:53  Orbital Command  
  22  2:11  Marine  
  23  2:16  Barracks  
  23  2:20  Barracks  
  23  2:21  SCV  
  24  2:34  SCV  
  25  2:38  Marine  
  26  2:56  Marine, SCV x2  
  26  2:57  Factory  
  28  3:04  Marine  
  28  3:05  Supply Depot  
  29  3:13  Factory  
  29  3:16  Marine  
  29  3:19  SCV  
  31  3:23  SCV  
  32  3:27  Barracks Tech Lab  
  32  3:28  Barracks Tech Lab  
  32  3:46  Marauder  
  34  3:50  SCV  
  34  3:51  Orbital Command  
  34  3:52  Barracks Tech Lab  
  35  3:57  Refinery  
  35  3:58  Refinery  
  35  4:00  Refinery  
  35  4:02  Marauder  
  37  4:16  Marauder x2  
  41  4:17  Factory Tech Lab  
  41  4:20  SCV x2  
  41  4:22  Factory Tech Lab  
  43  4:30  Concussive Shells  
  43  4:32  SCV x2  
  45  4:40  Marauder x2  
  45  4:44  SCV x2  
  51  4:49  Hellion  
  53  4:56  Supply Depot x2  
  53  5:04  Combat Shields  
  53  5:07  Stimpack  
  53  5:11  Marauder  
  54  5:16  Hellion  
  54  5:18  SCV x2  
  54  5:19  Marauder  
  58  5:22  Supply Depot  
  58  5:26  Supply Depot  
  55  5:50  SCV x2  
  51  6:08  SCV x2  
  47  6:23  SCV  
  47  6:24  SCV, Marauder  
  47  6:25  Siege Tank, Marauder x2  
  55  6:26  Siege Tank  
  60  6:36  SCV x2  
  61  6:40  Engineering Bay  
  61  6:48  SCV x2  
  63  6:58  Siege Tank  
  63  7:00  SCV x2  
  68  7:02  Starport x2  
  68  7:06  Barracks  
  68  7:07  Refinery, Command Center  
  52  7:33  Liberator x2  
  50  7:44  SCV x2  
  50  7:50  Missile Turret  
  58  7:51  Missile Turret  
  58  7:53  Marine x2, Marauder x2  
  58  7:57  SCV x2  
  66  8:11  Marine  
  66  8:28  SCV x3  
  66  8:30  Missile Turret  
  66  8:31  Marine x4  
  66  8:33  Hellion x2  
  77  8:39  Terran Infantry Weapons Level 1, Armory  
  77  8:40  Armory  
  77  8:41  SCV  
  78  8:43  SCV  
  79  8:52  Marauder x2  
  79  8:53  Marine  
  84  9:09  Marauder  
  86  9:13  Marauder x2  
  90  9:20  SCV x3  
  90  9:22  Supply Depot  
  90  9:23  Supply Depot  
  93  9:30  Terran Vehicle Weapons Level 1  
  93  9:31  Terran Vehicle And Ship Armor Level 1  
  91  9:32  SCV  
  87  9:50  Barracks Tech Lab  
  87  9:51  Marine x3  
  89  9:56  SCV x2  
  89  9:57  SCV  
  89  9:59  Supply Depot  
  92  10:00  Supply Depot  
  89  10:08  Barracks  
  89  10:09  Marine, Marauder x2  
  88  10:33  Terran Infantry Armor Level 1  
  86  10:38  SCV x2  
  86  10:39  Marauder x4  
  96  10:53  Barracks  
  92  10:57  Barracks  
  92  10:58  Command Center  
  82  11:04  Marauder x2  
  82  11:05  Marauder x2, Barracks Tech Lab, Liberator  
  82  11:06  Liberator  
  88  11:11  Supply Depot  
  88  11:13  Supply Depot x2  
  88  11:15  SCV x3  
  88  11:18  Refinery  
  97  11:27  SCV x2  
  97  11:29  Terran Ship Weapons Level 1  
  99  11:37  Supply Depot, Marauder x3  
  99  11:38  Marine x2  
  99  11:39  Hellbat  
  111  11:40  Hellbat  
  109  11:55  Marine  
  97  12:11  SCV x2  
  97  12:12  Orbital Command  
  99  12:16  Orbital Command  
  99  12:23  SCV x2  
  99  12:28  Supply Depot  
  101  12:30  Terran Infantry Weapons Level 2  
  101  12:32  Terran Vehicle And Ship Armor Level 2  
  101  12:35  Barracks Tech Lab x2  
  101  12:41  Barracks  
  101  12:42  SCV x2  
  101  12:43  Barracks  
  103  12:45  Barracks x2  
  101  13:04  Medivac x2  
  99  13:16  Marauder x4  
  105  13:29  Starport  
  105  13:30  Starport  
  105  13:31  Starport  
  105  13:34  Starport  
  105  13:37  Medivac x2  
  105  13:53  Marauder x3  
  105  13:55  Liberator  
  106  14:04  SCV  
  107  14:15  SCV  
  107  14:16  SCV x2  
  101  15:12  Marauder  
  101  15:13  Marauder x2  
  67  15:23  SCV  
  67  15:24  SCV x3  
  75  15:28  Marauder x3  
  75  15:29  Marauder  
  75  15:31  Siege Tank x2  
  75  15:34  Marine, Marauder x2  
  86  15:39  Ghost Academy x2  
  86  15:49  Marine x2  
  90  15:50  Marauder x2  
  90  15:52  Marauder  
  92  15:58  SCV x4  
  94  16:10  SCV  
  89  16:32  Marauder x2  
  97  16:33  Marauder x2  
  97  16:37  Barracks Tech Lab x3  
  97  16:43  Barracks Tech Lab  
  97  16:47  Marine x3  
  93  16:51  Starport Tech Lab  
  93  16:52  Starport Tech Lab x4  
  93  16:54  Marauder x2  
  99  17:04  Marauder x4  
  99  17:05  Siege Tank x2  
  87  17:22  SCV x2  
  73  17:23  SCV, Marauder  
  73  17:24  Marauder x3  
  73  17:28  Banshee x2  
  73  17:29  SCV  
  72  17:37  Siege Tank  
  72  17:40  SCV  
  72  17:41  SCV  
  70  17:46  Marauder  
  70  17:47  Marauder  
  71  17:58  SCV  
  65  17:59  Marauder x2  
  52  18:28  Marauder x2  
  52  18:29  Marauder  
  52  18:32  Starport Tech Lab x2  
  59  18:34  SCV  
  59  18:38  SCV x2  
  59  18:40  Command Center  
  61  18:42  Refinery  
  61  18:44  Refinery  
  61  18:45  Liberator x4  
  61  18:47  Starport Tech Lab  
  73  19:11  Terran Vehicle Weapons Level 2, Fusion Core  
  73  19:18  SCV x2  
  75  19:26  Marine x2  
  75  19:29  SCV  
  78  19:31  Marine  
  78  19:35  Marine  
  78  19:37  Marine  
  81  19:54  SCV  
  82  20:06  SCV  
  83  20:09  Battlecruiser  
  83  20:11  SCV  
  83  20:12  Marine x3, SCV x2  
  83  20:13  Marine  
  98  20:28  Marauder  
  98  20:29  Marauder x3  
  98  20:30  Marauder  
  106  20:49  Marauder x6  
  120  20:50  Marauder  
  120  20:54  Orbital Command  
  120  21:03  Liberator x2  
  120  21:10  Command Center  
  120  21:14  Marauder x3  
  132  21:27  Terran Ship Weapons Level 2  
  132  21:30  Marine x4  
  132  21:31  SCV  
  137  22:02  Refinery  
  137  22:04  Orbital Command  
  137  22:40  Marauder  
  137  22:41  Marine x4, Marauder x5  
  140  23:03  Marine x4, Marauder x6  
  140  23:05  Banshee x4  
  149  23:35  Marine x4, Marauder x4  
Tags
 
Composition
MMM Bio
League
GoldGold
Matchup
PvT
Replay Pack
All Mines
Spawn Locations
Cross Positions
Add a new tag
Caveats
  • Supply blocks, unpowered buildings, or Contaminate may cause inaccurate times.
  • Supply counts are checked every 10 seconds.